Predators vs Blue Jackets
Created - January 17, 2019 at 20:12
Goals
|
| Predators |
0 |
2 |
0 |
2 |
| Blue Jackets |
0 |
2 |
2 |
4 |
|
Shots
|
| Predators |
8 |
12 |
6 |
26 |
| Blue Jackets |
4 |
8 |
18 |
30 |
|
1st period
No Goal
Penalties :
Cam Fowler (Clb) for Tripping (Minor) at 1:49, Ryan Murray (Nas) for Roughing (Minor) at 6:40, Michal Rozsival (Nas) for Roughing (Minor) at 12:37, Ryan Mcdonagh (Nas) for Holding (Minor) at 15:39
2nd period
1. Blue Jackets , Pavel Datsyuk 24 (David Booth 24, Dennis Wideman 18) at 2:55
2. Blue Jackets , Andreas Nodl 5 (Rostislav Olesz 7, Branislav Mezei 9) at 5:58
3. Predators , Niclas Bergfors 16 (Alexander Steen 5, Mikael Granlund 25) at 14:19
4. Predators , Anton Gustafsson 1 (Dmitri Kalinin 4, Justin Abdelkader 6) at 15:06
Penalties :
Mike Comrie (Clb) for Goalie Interference (Minor) at 11:55, Pavel Datsyuk (Clb) for Charging (Minor) at 15:23
3rd period
5. Blue Jackets , Peter Mueller 12 (Andreas Nodl 14, Rostislav Olesz 8) at 10:45
6. Blue Jackets , Mike Lundin 4 (David Booth 25, Martin Havlat 41) at 19:38 (Empty Net)
Penalties :
Andy Miele (Nas) for Hooking (Minor) at 1:08, Marcus Nilson (Clb) for Tripping (Minor) at 8:25, Ryan Kesler (Nas) for Tripping (Minor) at 11:20, Mike Lundin (Clb) for Hooking (Minor) at 11:36
Goalie Stats
Chad Johnson (Nas), 26 saves from 29 shots - (0.897), L, 0-3-0, 59:30 minutes
Rick DiPietro (Clb), 24 saves from 26 shots - (0.923), W, 18-16-5, 60:00 minutes
Players Stats for Predators
Player Name G A P +/- PIM S H SB GA TA FO MP PP MP PK MP
------------------------------------------------------------------------------------
Adam Burish 0 0 0 -2 0 0 3 0 0 0 0/1 11:26 0:00 2:02
Alexander Edler 0 0 0 0 0 7 4 1 1 2 0/0 30:42 6:41 4:52
Alexander Ovechkin 0 0 0 0 0 0 1 0 0 0 1/2 22:42 4:21 4:36
Alexander Steen 0 1 1 1 0 0 2 0 0 0 0/0 15:28 3:35 1:27
Andy Miele 0 0 0 -2 2 5 2 0 0 0 7/14 12:12 0:00 3:30
Anton Gustafsson 1 0 1 0 0 2 2 0 0 0 2/3 9:01 0:00 0:00
Brendan Gallagher 0 0 0 0 0 2 2 0 0 1 0/1 14:16 4:21 0:00
Chris Thorburn 0 0 0 0 0 1 2 0 0 0 0/0 7:40 0:00 0:00
Dmitri Kalinin 0 1 1 1 0 0 0 0 0 0 0/0 12:04 0:00 1:32
James Van Riemsdyk 0 0 0 -3 0 1 1 0 0 0 0/0 10:28 0:00 0:04
John Moore 0 0 0 -3 0 0 1 0 0 0 0/0 18:55 1:31 3:41
Justin Abdelkader 0 1 1 -1 0 2 1 0 0 0 2/5 12:43 0:16 1:39
Michal Rozsival 0 0 0 1 2 1 1 0 0 2 0/0 13:20 0:00 1:52
Mikael Granlund 0 1 1 1 0 1 2 0 0 1 16/26 18:20 3:35 1:04
Niclas Bergfors 1 0 1 0 0 3 1 0 1 0 0/0 18:23 3:51 0:00
Ryan Kesler 0 0 0 0 2 0 2 0 1 0 6/9 17:07 4:37 2:02
Ryan Mcdonagh 0 0 0 0 2 1 1 4 0 0 0/0 29:50 6:41 3:48
Ryan Murray 0 0 0 -3 2 0 1 0 1 0 0/0 15:23 1:31 0:39
Players Stats for Blue Jackets
Player Name G A P +/- PIM S H SB GA TA FO MP PP MP PK MP
------------------------------------------------------------------------------------
A.J Thelen 0 0 0 -1 0 0 0 1 0 1 0/0 12:49 0:00 0:24
Andreas Nodl 1 1 2 1 0 1 3 0 0 0 0/0 10:53 0:03 0:00
Branislav Mezei 0 1 1 2 0 0 1 0 1 1 0/0 19:00 3:16 2:35
Cam Fowler 0 0 0 2 2 0 4 0 1 0 0/0 18:09 3:16 1:45
David Booth 0 2 2 2 0 3 3 0 0 0 6/11 27:07 4:55 4:59
Dennis Wideman 0 1 1 1 0 3 0 1 0 0 0/0 30:28 4:56 5:37
Kevin Porter 0 0 0 0 0 0 1 0 0 0 1/3 5:54 0:00 0:28
Marcus Nilson 0 0 0 0 2 1 0 1 0 0 0/0 15:23 3:14 1:01
Martin Havlat 0 1 1 1 0 2 0 1 2 0 3/4 20:43 4:55 2:06
Mike Brown 0 0 0 -1 0 1 0 1 0 1 1/2 17:21 3:14 2:06
Mike Comrie 0 0 0 -1 2 2 4 0 1 0 3/7 14:39 3:14 0:00
Mike Lundin 1 0 1 1 2 4 2 1 0 0 0/0 29:03 4:55 5:21
Mike York 0 0 0 0 0 0 0 0 0 1 0/0 5:57 0:00 0:43
Patrick O'Sullivan 0 0 0 0 0 0 0 0 0 0 1/1 3:15 0:03 0:00
Pavel Datsyuk 1 0 1 2 2 5 1 0 1 0 11/24 23:31 4:55 3:58
Peter Mueller 1 0 1 1 0 3 0 0 0 0 0/7 11:49 0:03 0:00
Rostislav Olesz 0 2 2 1 0 5 1 0 0 0 1/2 13:01 0:00 1:03
Ryan Wilson 0 0 0 -1 0 0 1 0 0 0 0/0 10:58 0:00 0:42
3 Stars
1 - Andreas Nodl (Clb)
2 - David Booth (Clb)
3 - Rostislav Olesz (Clb)
Power Play
Predators - 0 on 5 Attempt(s) - 0.00%
Blue Jackets - 0 on 5 Attempt(s) - 0.00%
Penalty Kill
Predators - 5 on 5 Attempt(s) - 100.00%
- Score 0 goal in Penalty Kill
Blue Jackets - 5 on 5 Attempt(s) - 100.00%
- Score 0 goal in Penalty Kill
Team Stat
Predators - Hits : 29 - Faceoff Wins : 34 - Blocked Shots : 5 - Penalty Minutes : 10
Blue Jackets - Hits : 21 - Faceoff Wins : 27 - Blocked Shots : 6 - Penalty Minutes : 10
Official
Referees : Unknown
Linesman : Unknown
Game Notes
12:15 of 2nd period - Predators goal is going for a video replay. After video review, No Goal. The goalkeeper has been pushed into the net together with the puck after making a save.
Mike Lundin has scored in a empty net!
Finance
Level 1 -- Attendance: 4449 (74.15%) -- Ticket Income $422,655
Level 2 -- Attendance: 3676 (73.52%) -- Ticket Income $220,560
Level 3 -- Attendance: 1803 (90.15%) -- Ticket Income $63,105
Level 4 -- Attendance: 3845 (96.13%) -- Ticket Income $96,125
Luxury Box -- Attendance: 717 (71.70%) -- Ticket Income $136,230
Game was played at the Ohio State Arena.
Total Attendance: 14490 (80.50%)
Total Ticket Income: $938,675
Other Income: $140,801
Total Income: $1,079,476
Predators
5 vs 5 Forward
Center Left Wing Right Wing Time % Phy DF OF
1 Mikael Granlund Alexander Ovechkin Niclas Bergfors 40 1 2 2
2 Ryan Kesler Alexander Steen Brendan Gallagher 30 2 1 2
3 Andy Miele James Van Riemsdyk Adam Burish 20 1 2 2
4 Anton Gustafsson Justin Abdelkader Chris Thorburn 10 1 2 2
5 vs 5 Defense
Defense Defense Time % Phy DF OF
1 Ryan Mcdonagh Alexander Edler 40 1 2 2
2 John Moore Ryan Murray 30 1 2 2
3 Michal Rozsival Dmitri Kalinin 20 1 2 2
4 Ryan Mcdonagh Alexander Edler 10 1 2 2
PowerPlay Forward
Center Left Wing Right Wing Time % Phy DF OF
1 Ryan Kesler Alexander Ovechkin Brendan Gallagher 60 1 1 3
2 Mikael Granlund Alexander Steen Niclas Bergfors 40 1 1 3
PowerPlay Defense
Defense Defense Time % Phy DF OF
1 Ryan Mcdonagh Alexander Edler 60 1 1 3
2 Ryan Murray John Moore 40 1 2 2
Penalty Kill 4 Players Forward
Center Wing Time % Phy DF OF
1 Andy Miele Alexander Ovechkin 60 1 2 2
2 Ryan Kesler Adam Burish 40 1 2 2
Penalty Kill 4 Players Defense
Defense Defense Time % Phy DF OF
1 Ryan Mcdonagh Alexander Edler 60 1 2 2
2 John Moore Michal Rozsival 40 1 2 2
Penalty Kill - 3 Players Forward
Forward Time % Phy DF OF
1 Alexander Ovechkin 60 1 2 2
2 Adam Burish 40 1 2 2
Penalty Kill - 3 Players Defense
Defense Defense Time % Phy DF OF
1 Ryan Mcdonagh Alexander Edler 60 1 2 2
2 John Moore Michal Rozsival 40 1 2 2
4 vs 4 Forward
Center Wing Time % Phy DF OF
1 Mikael Granlund Alexander Ovechkin 60 1 2 2
2 Ryan Kesler Niclas Bergfors 40 1 2 2
4 vs 4 Defense
Defense Defense Time % Phy DF OF
1 Ryan Mcdonagh Alexander Edler 60 1 2 2
2 John Moore Michal Rozsival 40 1 2 2
Last Minutes Offensive
Center Left Wing Right Wing Defense Defense
Ryan Kesler Alexander Ovechkin Niclas Bergfors Ryan Mcdonagh Alexander Edler
Last Minutes Defensive
Center Left Wing Right Wing Defense Defense
Ryan Kesler Alexander Ovechkin Adam Burish Ryan Mcdonagh Alexander Edler
Goaltenders
Starting : Chad Johnson
Backup : Viktor Fasth
Extra Forwards
Normal : Justin Abdelkader, James Van Riemsdyk, Anton Gustafsson - PP : Justin Abdelkader, Andy Miele - PK : Justin Abdelkader
Extra Defensemen
Normal : Michal Rozsival, Ryan Murray, John Moore - PP : Dmitri Kalinin - PK : John Moore, Dmitri Kalinin
Penalty Shots
Alexander Ovechkin, Niclas Bergfors, Ryan Kesler, Andy Miele, Justin Abdelkader
Scratches
Barret Jackman (Healthy), Byron Bitz (Separated Right Shoulder Injury)
Blue Jackets
5 vs 5 Forward
Center Left Wing Right Wing Time % Phy DF OF
1 Pavel Datsyuk David Booth Martin Havlat 40 1 2 2
2 Mike Comrie Marcus Nilson Mike Brown 30 1 2 2
3 Peter Mueller Rostislav Olesz Andreas Nodl 20 1 2 2
4 Kevin Porter Mike York David Booth 10 1 2 2
5 vs 5 Defense
Defense Defense Time % Phy DF OF
1 Mike Lundin Dennis Wideman 40 1 2 2
2 Cam Fowler Branislav Mezei 30 1 2 2
3 A.J Thelen Ryan Wilson 20 1 2 2
4 Mike Lundin Dennis Wideman 10 1 2 2
PowerPlay Forward
Center Left Wing Right Wing Time % Phy DF OF
1 Pavel Datsyuk David Booth Martin Havlat 60 1 2 2
2 Mike Comrie Marcus Nilson Mike Brown 40 1 2 2
PowerPlay Defense
Defense Defense Time % Phy DF OF
1 Mike Lundin Dennis Wideman 60 1 2 2
2 Cam Fowler Branislav Mezei 40 1 2 2
Penalty Kill 4 Players Forward
Center Wing Time % Phy DF OF
1 David Booth Pavel Datsyuk 60 1 2 2
2 Martin Havlat Mike Brown 40 1 2 2
Penalty Kill 4 Players Defense
Defense Defense Time % Phy DF OF
1 Mike Lundin Dennis Wideman 60 1 2 2
2 Cam Fowler Branislav Mezei 40 1 2 2
Penalty Kill - 3 Players Forward
Forward Time % Phy DF OF
1 David Booth 60 1 2 2
2 Pavel Datsyuk 40 1 2 2
Penalty Kill - 3 Players Defense
Defense Defense Time % Phy DF OF
1 Mike Lundin Dennis Wideman 60 1 2 2
2 Cam Fowler Branislav Mezei 40 1 2 2
4 vs 4 Forward
Center Wing Time % Phy DF OF
1 David Booth Pavel Datsyuk 60 1 2 2
2 Martin Havlat Mike Brown 40 1 2 2
4 vs 4 Defense
Defense Defense Time % Phy DF OF
1 Mike Lundin Dennis Wideman 60 1 2 2
2 Cam Fowler Branislav Mezei 40 1 2 2
Last Minutes Offensive
Center Left Wing Right Wing Defense Defense
Pavel Datsyuk David Booth Martin Havlat Mike Lundin Dennis Wideman
Last Minutes Defensive
Center Left Wing Right Wing Defense Defense
Pavel Datsyuk David Booth Martin Havlat Mike Lundin Dennis Wideman
Goaltenders
Starting : Rick DiPietro
Backup : Marek Schwarz
Extra Forwards
Normal : Patrick O'Sullivan, Peter Mueller, Rostislav Olesz - PP : Patrick O'Sullivan, Peter Mueller - PK : Rostislav Olesz
Extra Defensemen
Normal : A.J Thelen, Ryan Wilson, Cam Fowler - PP : A.J Thelen - PK : Ryan Wilson, Cam Fowler
Penalty Shots
David Booth, Pavel Datsyuk, Martin Havlat, Mike Brown, Mike Comrie
Scratches
Andrew Gordon (Healthy), Anthony Bitetto (Healthy)
% Time on Ice - Predators
Lines # - Real PCT - Wanted PCT - Time Play
Normal Forward
1 - 29% - 40% - 11:50
2 - 32% - 30% - 13:08
3 - 20% - 20% - 8:24
4 - 19% - 10% - 7:40
Normal Defense
1 - 41% - 40% - 16:45
2 - 32% - 30% - 13:16
3 - 26% - 20% - 10:32
4 - 1% - 10% - 0:29
PP Forward
1 - 53% - 60% - 4:21
2 - 47% - 40% - 3:51
PP Defense
1 - 82% - 60% - 6:41
2 - 18% - 40% - 1:31
PK Forward
1 - 75% - 60% - 6:10
2 - 25% - 40% - 2:02
PK Defense
1 - 65% - 60% - 5:18
2 - 35% - 40% - 2:54
PK3 Forward
1 - 0% - 60%
2 - 0% - 40%
PK3 Defense
1 - 0% - 60%
2 - 0% - 40%
44 Forward
1 - 69% - 60% - 1:11
2 - 31% - 40% - 0:32
44 Defense
1 - 74% - 60% - 1:16
2 - 26% - 40% - 0:27
Last Minute Offensive - 0:51
Last Minute Defensive - 0:00
Total
Forward - 60:00
Defense - 60:00
|
% Time on Ice - Blue Jackets
Lines # - Real PCT - Wanted PCT - Time Play
Normal Forward
1 - 31% - 40% - 12:39
2 - 32% - 30% - 13:00
3 - 26% - 20% - 10:47
4 - 11% - 10% - 4:37
Normal Defense
1 - 41% - 40% - 16:52
2 - 31% - 30% - 12:50
3 - 25% - 20% - 10:16
4 - 3% - 10% - 1:05
PP Forward
1 - 61% - 60% - 4:58
2 - 39% - 40% - 3:14
PP Defense
1 - 60% - 60% - 4:56
2 - 40% - 40% - 3:16
PK Forward
1 - 74% - 60% - 6:06
2 - 26% - 40% - 2:06
PK Defense
1 - 68% - 60% - 5:37
2 - 32% - 40% - 2:35
PK3 Forward
1 - 0% - 60%
2 - 0% - 40%
PK3 Defense
1 - 0% - 60%
2 - 0% - 40%
44 Forward
1 - 71% - 60% - 1:13
2 - 29% - 40% - 0:30
44 Defense
1 - 82% - 60% - 1:24
2 - 18% - 40% - 0:19
Last Minute Offensive - 0:00
Last Minute Defensive - 0:50
Total
Forward - 60:00
Defense - 60:00
|
Play-by-Play
1st period
0:01 of 1st period - Mikael Granlund wins face-off versus Pavel Datsyuk in neutral zone.
0:04 of 1st period - Mike Lundin is hit by Alexander Edler and loses puck.
0:49 of 1st period - Snap shot by Rostislav Olesz.
0:49 of 1st period - Shot Misses the Net.
0:51 of 1st period - Wrist shot by Andreas Nodl.
0:51 of 1st period - Shot Misses the Net.
0:53 of 1st period - Slapshot by Mike Lundin.
0:53 of 1st period - Stopped by Chad Johnson without a rebound.
0:54 of 1st period - Anton Gustafsson wins face-off versus Kevin Porter in Predators zone.
0:54 of 1st period - Anton Gustafsson is hit by David Booth.
1:20 of 1st period - Dmitri Kalinin is hit by Rostislav Olesz.
1:42 of 1st period - Snap shot by Mike Comrie.
1:42 of 1st period - Stopped by Chad Johnson with a rebound.
1:49 of 1st period - Minor Penalty to Cam Fowler for Tripping.
1:50 of 1st period - David Booth wins face-off versus Ryan Kesler in Blue Jackets zone.
2:00 of 1st period - Dennis Wideman is hit by Alexander Edler and loses puck.
2:16 of 1st period - Pavel Datsyuk is hit by Ryan Kesler.
3:13 of 1st period - Slapshot by Alexander Edler.
3:13 of 1st period - Stopped by Rick DiPietro with a rebound.
3:15 of 1st period - Slapshot by Alexander Edler.
3:15 of 1st period - Stopped by Rick DiPietro with a rebound.
3:17 of 1st period - Slapshot by Ryan Mcdonagh.
3:17 of 1st period - Deflect By Ryan Kesler.
3:17 of 1st period - Shot Misses the Net.
3:17 of 1st period - Puck is out of play.
3:18 of 1st period - Martin Havlat wins face-off versus Mikael Granlund in Blue Jackets zone.
3:45 of 1st period - Wrist shot by Marcus Nilson.
3:45 of 1st period - Stopped by Chad Johnson with a rebound.
3:49 of 1st period - Penalty to Cam Fowler is over, Cam Fowler is back on ice.
3:51 of 1st period - Slapshot by Mikael Granlund.
3:51 of 1st period - Stopped by Rick DiPietro without a rebound.
3:52 of 1st period - Andy Miele wins face-off versus Peter Mueller in Blue Jackets zone.
3:53 of 1st period - Snap shot by James Van Riemsdyk.
3:53 of 1st period - Deflect By Andy Miele.
3:53 of 1st period - Stopped by Rick DiPietro with a rebound.
4:17 of 1st period - Anton Gustafsson is hit by Mike Comrie and loses puck.
4:52 of 1st period - Wrist shot by Mike York.
4:52 of 1st period - Shot Misses the Net.
5:22 of 1st period - Slapshot by Marcus Nilson.
5:22 of 1st period - Deflect By Mike Comrie.
5:22 of 1st period - Shot Misses the Net.
5:22 of 1st period - Puck is out of play.
5:23 of 1st period - Alexander Ovechkin wins face-off versus Mike Brown in Predators zone.
5:42 of 1st period - Ryan Mcdonagh is hit by Cam Fowler.
5:49 of 1st period - Adam Burish is hit by David Booth and loses puck.
6:29 of 1st period - Snap shot by Justin Abdelkader.
6:29 of 1st period - Shot Misses the Net.
6:31 of 1st period - Slapshot by Chris Thorburn.
6:31 of 1st period - Stopped by Rick DiPietro with a rebound.
6:33 of 1st period - Wrist shot by Anton Gustafsson.
6:33 of 1st period - Stopped by Rick DiPietro without a rebound.
6:34 of 1st period - Pavel Datsyuk wins face-off versus Mikael Granlund in Blue Jackets zone.
6:40 of 1st period - Minor Penalty to Ryan Murray for Roughing.
6:41 of 1st period - Andy Miele wins face-off versus Pavel Datsyuk in Predators zone.
6:41 of 1st period - Andy Miele is hit by Mike Lundin.
6:48 of 1st period - Icing by David Booth.
6:49 of 1st period - Andy Miele wins face-off versus Pavel Datsyuk in Blue Jackets zone.
7:08 of 1st period - Snap shot by David Booth.
7:08 of 1st period - Deflect By Pavel Datsyuk.
7:08 of 1st period - Shot Blocked by Ryan Mcdonagh.
7:08 of 1st period - Puck is out of play.
7:09 of 1st period - Mike Comrie wins face-off versus Andy Miele in Predators zone.
7:42 of 1st period - Wrist shot by David Booth.
7:42 of 1st period - Shot Blocked by Alexander Edler.
7:44 of 1st period - Slapshot by Mike Lundin.
7:44 of 1st period - Stopped by Chad Johnson without a rebound.
7:45 of 1st period - Mike Brown wins face-off versus Andy Miele in Predators zone.
8:40 of 1st period - Penalty to Ryan Murray is over, Ryan Murray is back on ice.
9:04 of 1st period - Snap shot by Peter Mueller.
9:04 of 1st period - Shot Misses the Net.
9:24 of 1st period - Slapshot by Alexander Edler.
9:24 of 1st period - Stopped by Rick DiPietro with a rebound.
9:26 of 1st period - Slapshot by Ryan Mcdonagh.
9:26 of 1st period - Shot Misses the Net.
9:42 of 1st period - Slapshot by Andy Miele.
9:42 of 1st period - Stopped by Rick DiPietro with a rebound.
10:52 of 1st period - Rostislav Olesz is hit by Brendan Gallagher and loses puck.
11:09 of 1st period - Ryan Mcdonagh is hit by Mike Comrie and loses puck.
11:26 of 1st period - David Booth is hit by Alexander Edler and loses puck.
12:20 of 1st period - Off-side.
12:21 of 1st period - Mikael Granlund wins face-off versus Peter Mueller in neutral zone.
12:37 of 1st period - Minor Penalty to Michal Rozsival for Roughing.
12:38 of 1st period - Andy Miele wins face-off versus Pavel Datsyuk in Predators zone.
12:43 of 1st period - Mike Lundin is hit by Andy Miele and loses puck.
12:52 of 1st period - Andy Miele is hit by Mike Lundin and loses puck.
14:37 of 1st period - Penalty to Michal Rozsival is over, Michal Rozsival is back on ice.
15:15 of 1st period - A.J Thelen is hit by Ryan Kesler and loses puck.
15:39 of 1st period - Minor Penalty to Ryan Mcdonagh for Holding.
15:40 of 1st period - Pavel Datsyuk wins face-off versus Andy Miele in Predators zone.
17:39 of 1st period - Penalty to Ryan Mcdonagh is over, Ryan Mcdonagh is back on ice.
19:53 of 1st period - Adam Burish is hit by David Booth and loses puck.
Goals for this period are 0 for Predators vs 0 for Blue Jackets.
Shots for this period are 8 for Predators vs 4 for Blue Jackets.
2nd period
0:01 of 2nd period - Mikael Granlund wins face-off versus Pavel Datsyuk in neutral zone.
0:26 of 2nd period - Mike Lundin is hit by Alexander Steen and loses puck.
0:53 of 2nd period - Wrist shot by James Van Riemsdyk.
0:53 of 2nd period - Shot Misses the Net.
0:55 of 2nd period - Snap shot by Andy Miele.
0:55 of 2nd period - Stopped by Rick DiPietro without a rebound.
0:56 of 2nd period - Pavel Datsyuk wins face-off versus Mikael Granlund in Blue Jackets zone.
0:56 of 2nd period - Pavel Datsyuk is hit by Mikael Granlund.
1:06 of 2nd period - Wrist shot by Pavel Datsyuk.
1:06 of 2nd period - Stopped by Chad Johnson with a rebound.
1:26 of 2nd period - Snap shot by Brendan Gallagher.
1:26 of 2nd period - Shot Misses the Net.
1:28 of 2nd period - Slapshot by Michal Rozsival.
1:28 of 2nd period - Stopped by Rick DiPietro without a rebound.
1:29 of 2nd period - Ryan Kesler wins face-off versus Pavel Datsyuk in Blue Jackets zone.
1:38 of 2nd period - Snap shot by Pavel Datsyuk.
1:38 of 2nd period - Stopped by Chad Johnson without a rebound.
1:39 of 2nd period - Mikael Granlund wins face-off versus Pavel Datsyuk in Predators zone.
1:58 of 2nd period - David Booth is hit by Alexander Edler and loses puck.
2:43 of 2nd period - Wrist shot by Pavel Datsyuk.
2:43 of 2nd period - Shot Misses the Net.
2:45 of 2nd period - Wrist shot by Dennis Wideman.
2:45 of 2nd period - Stopped by Chad Johnson with a rebound.
2:49 of 2nd period - Snap shot by David Booth.
2:49 of 2nd period - Shot Misses the Net.
2:51 of 2nd period - Slapshot by Dennis Wideman.
2:51 of 2nd period - Shot Misses the Net.
2:53 of 2nd period - Snap shot by David Booth.
2:53 of 2nd period - Shot Misses the Net.
2:55 of 2nd period - Snap shot by Pavel Datsyuk.
2:55 of 2nd period - Deflect By Justin Abdelkader.
2:55 of 2nd period - Goal by Pavel Datsyuk - Predators : 0 - Blue Jackets : 1.
2:56 of 2nd period - Mike Comrie wins face-off versus Mikael Granlund in neutral zone.
2:59 of 2nd period - Wrist shot by Mike Brown.
2:59 of 2nd period - Stopped by Chad Johnson without a rebound.
3:00 of 2nd period - Mikael Granlund wins face-off versus Mike Comrie in Predators zone.
3:00 of 2nd period - Mikael Granlund is hit by Mike Comrie.
3:08 of 2nd period - Snap shot by Niclas Bergfors.
3:08 of 2nd period - Stopped by Rick DiPietro without a rebound.
3:09 of 2nd period - Mike Comrie wins face-off versus Mikael Granlund in Blue Jackets zone.
3:14 of 2nd period - Alexander Ovechkin is hit by Mike Comrie.
3:41 of 2nd period - Brendan Gallagher is hit by Pavel Datsyuk and loses puck.
4:01 of 2nd period - Wrist shot by Peter Mueller.
4:01 of 2nd period - Stopped by Chad Johnson without a rebound.
4:02 of 2nd period - Mikael Granlund wins face-off versus Peter Mueller in Predators zone.
4:09 of 2nd period - Rostislav Olesz is hit by Alexander Ovechkin and loses puck.
4:53 of 2nd period - Snap shot by Justin Abdelkader.
4:53 of 2nd period - Stopped by Rick DiPietro without a rebound.
4:54 of 2nd period - Anton Gustafsson wins face-off versus Mike Comrie in Blue Jackets zone.
4:57 of 2nd period - Snap shot by Alexander Edler.
4:57 of 2nd period - Shot Misses the Net.
5:07 of 2nd period - Snap shot by Mike Comrie.
5:07 of 2nd period - Stopped by Chad Johnson without a rebound.
5:08 of 2nd period - Pavel Datsyuk wins face-off versus Mikael Granlund in Predators zone.
5:11 of 2nd period - Snap shot by Pavel Datsyuk.
5:11 of 2nd period - Shot Blocked by Ryan Mcdonagh.
5:13 of 2nd period - Wrist shot by Pavel Datsyuk.
5:13 of 2nd period - Shot Misses the Net.
5:15 of 2nd period - Snap shot by Pavel Datsyuk.
5:15 of 2nd period - Shot Misses the Net.
5:17 of 2nd period - Slapshot by Pavel Datsyuk.
5:17 of 2nd period - Shot Misses the Net.
5:19 of 2nd period - Wrist shot by Pavel Datsyuk.
5:19 of 2nd period - Shot Misses the Net.
5:44 of 2nd period - Wrist shot by Mike Comrie.
5:44 of 2nd period - Shot Misses the Net.
5:58 of 2nd period - Snap shot by Andreas Nodl.
5:58 of 2nd period - Goal by Andreas Nodl - Predators : 0 - Blue Jackets : 2.
5:59 of 2nd period - Mikael Granlund wins face-off versus Pavel Datsyuk in neutral zone.
6:36 of 2nd period - Slapshot by Dennis Wideman.
6:36 of 2nd period - Shot Misses the Net.
7:16 of 2nd period - Snap shot by Anton Gustafsson.
7:16 of 2nd period - Shot Misses the Net.
8:16 of 2nd period - Andreas Nodl is hit by James Van Riemsdyk.
9:21 of 2nd period - Rostislav Olesz is hit by Niclas Bergfors and loses puck.
9:38 of 2nd period - Martin Havlat is hit by Chris Thorburn and loses puck.
10:16 of 2nd period - Ryan Wilson is hit by Andy Miele and loses puck.
10:25 of 2nd period - Andy Miele is hit by Ryan Wilson and loses puck.
10:48 of 2nd period - Rostislav Olesz is hit by Michal Rozsival and loses puck.
10:59 of 2nd period - Ryan Mcdonagh is hit by Cam Fowler and loses puck.
11:08 of 2nd period - A.J Thelen is hit by Alexander Steen.
11:18 of 2nd period - Pavel Datsyuk is hit by Anton Gustafsson.
11:55 of 2nd period - Minor Penalty to Mike Comrie for Goalie Interference.
11:56 of 2nd period - David Booth wins face-off versus Ryan Kesler in Blue Jackets zone.
12:07 of 2nd period - Slapshot by Alexander Edler.
12:07 of 2nd period - Stopped by Rick DiPietro without a rebound.
12:08 of 2nd period - Ryan Kesler wins face-off versus David Booth in Blue Jackets zone.
12:09 of 2nd period - Wrist shot by Brendan Gallagher.
12:09 of 2nd period - Shot Misses the Net.
12:11 of 2nd period - Wrist shot by Alexander Edler.
12:11 of 2nd period - Stopped by Rick DiPietro with a rebound.
12:13 of 2nd period - Slapshot by Ryan Mcdonagh.
12:13 of 2nd period - Deflect By Brendan Gallagher.
12:13 of 2nd period - Stopped by Rick DiPietro with a rebound.
12:15 of 2nd period - Snap shot by Alexander Edler.
12:15 of 2nd period - Predators goal is going for a video replay.
12:15 of 2nd period - The goal is refused. The goalkeeper has been pushed into the net together with the puck after making a save..
12:16 of 2nd period - David Booth wins face-off versus Alexander Ovechkin in Blue Jackets zone.
12:36 of 2nd period - Off-side.
12:37 of 2nd period - Mikael Granlund wins face-off versus David Booth in neutral zone.
12:47 of 2nd period - Icing by Niclas Bergfors.
12:48 of 2nd period - Mikael Granlund wins face-off versus Pavel Datsyuk in Predators zone.
13:17 of 2nd period - Slapshot by Alexander Edler.
13:17 of 2nd period - Shot Blocked by Dennis Wideman.
13:55 of 2nd period - Penalty to Mike Comrie is over, Mike Comrie is back on ice.
13:55 of 2nd period - Slapshot by Alexander Edler.
13:55 of 2nd period - Shot Misses the Net.
14:19 of 2nd period - Snap shot by Niclas Bergfors.
14:19 of 2nd period - Goal by Niclas Bergfors - Predators : 1 - Blue Jackets : 2.
14:20 of 2nd period - Kevin Porter wins face-off versus Adam Burish in neutral zone.
14:45 of 2nd period - Branislav Mezei is hit by Chris Thorburn.
14:50 of 2nd period - Off-side.
14:51 of 2nd period - Rostislav Olesz wins face-off versus Anton Gustafsson in neutral zone.
14:56 of 2nd period - Snap shot by Rostislav Olesz.
14:56 of 2nd period - Shot Misses the Net.
15:02 of 2nd period - Wrist shot by Justin Abdelkader.
15:02 of 2nd period - Shot Misses the Net.
15:04 of 2nd period - Slapshot by Dmitri Kalinin.
15:04 of 2nd period - Shot Misses the Net.
15:06 of 2nd period - Snap shot by Anton Gustafsson.
15:06 of 2nd period - Goal by Anton Gustafsson - Predators : 2 - Blue Jackets : 2.
15:07 of 2nd period - Mikael Granlund wins face-off versus Pavel Datsyuk in neutral zone.
15:23 of 2nd period - Minor Penalty to Pavel Datsyuk for Charging.
15:24 of 2nd period - Ryan Kesler wins face-off versus Rostislav Olesz in Blue Jackets zone.
15:25 of 2nd period - Snap shot by Brendan Gallagher.
15:25 of 2nd period - Shot Misses the Net.
15:27 of 2nd period - Slapshot by Ryan Mcdonagh.
15:27 of 2nd period - Stopped by Rick DiPietro with a rebound.
15:29 of 2nd period - Slapshot by Alexander Edler.
15:29 of 2nd period - Shot Misses the Net.
16:25 of 2nd period - Alexander Ovechkin is hit by Cam Fowler and loses puck.
17:23 of 2nd period - Penalty to Pavel Datsyuk is over, Pavel Datsyuk is back on ice.
17:31 of 2nd period - Pavel Datsyuk is hit by Adam Burish and loses puck.
17:40 of 2nd period - Backhand shot by Andy Miele.
17:40 of 2nd period - Stopped by Rick DiPietro with a rebound.
17:54 of 2nd period - Wrist shot by Justin Abdelkader.
17:54 of 2nd period - Shot Blocked by Marcus Nilson.
18:12 of 2nd period - Adam Burish is hit by Andreas Nodl and loses puck.
18:29 of 2nd period - Mike Lundin is hit by Anton Gustafsson and loses puck.
19:28 of 2nd period - Niclas Bergfors is hit by Andreas Nodl and loses puck.
Goals for this period are 2 for Predators vs 2 for Blue Jackets.
Shots for this period are 12 for Predators vs 8 for Blue Jackets.
3rd period
0:01 of 3rd period - Mikael Granlund wins face-off versus Pavel Datsyuk in neutral zone.
0:36 of 3rd period - Mike Comrie is hit by Brendan Gallagher and loses puck.
0:53 of 3rd period - Slapshot by Rostislav Olesz.
0:53 of 3rd period - Stopped by Chad Johnson without a rebound.
0:54 of 3rd period - Pavel Datsyuk wins face-off versus Andy Miele in Predators zone.
1:08 of 3rd period - Minor Penalty to Andy Miele for Hooking.
1:09 of 3rd period - Pavel Datsyuk wins face-off versus Justin Abdelkader in Predators zone.
1:38 of 3rd period - Wrist shot by David Booth.
1:38 of 3rd period - Shot Blocked by Ryan Mcdonagh.
1:40 of 3rd period - Wrist shot by Pavel Datsyuk.
1:40 of 3rd period - Shot Misses the Net.
1:42 of 3rd period - Snap shot by Mike Lundin.
1:42 of 3rd period - Shot Misses the Net.
1:44 of 3rd period - Snap shot by Martin Havlat.
1:44 of 3rd period - Shot Misses the Net.
1:46 of 3rd period - Wrist shot by Dennis Wideman.
1:46 of 3rd period - Shot Blocked by Ryan Mcdonagh.
1:48 of 3rd period - Slapshot by Mike Lundin.
1:48 of 3rd period - Shot Misses the Net.
1:50 of 3rd period - Snap shot by David Booth.
1:50 of 3rd period - Stopped by Chad Johnson with a rebound.
1:52 of 3rd period - Slapshot by Dennis Wideman.
1:52 of 3rd period - Stopped by Chad Johnson with a rebound.
1:54 of 3rd period - Wrist shot by David Booth.
1:54 of 3rd period - Deflect By Martin Havlat.
1:54 of 3rd period - Shot Misses the Net.
1:54 of 3rd period - Puck is out of play.
1:55 of 3rd period - Justin Abdelkader wins face-off versus Mike Comrie in Predators zone.
3:08 of 3rd period - Penalty to Andy Miele is over, Andy Miele is back on ice.
3:55 of 3rd period - Branislav Mezei is hit by Ryan Murray and loses puck.
4:06 of 3rd period - Adam Burish is hit by Cam Fowler and loses puck.
4:19 of 3rd period - Dennis Wideman is hit by Justin Abdelkader and loses puck.
4:26 of 3rd period - Snap shot by Justin Abdelkader.
4:26 of 3rd period - Stopped by Rick DiPietro without a rebound.
4:27 of 3rd period - Mikael Granlund wins face-off versus Peter Mueller in Blue Jackets zone.
4:36 of 3rd period - Wrist shot by Andreas Nodl.
4:36 of 3rd period - Deflect By Rostislav Olesz.
4:36 of 3rd period - Stopped by Chad Johnson without a rebound.
4:37 of 3rd period - Mikael Granlund wins face-off versus Peter Mueller in Predators zone.
4:37 of 3rd period - Mikael Granlund is hit by Andreas Nodl.
4:45 of 3rd period - Wrist shot by A.J Thelen.
4:45 of 3rd period - Shot Misses the Net.
4:47 of 3rd period - Wrist shot by Peter Mueller.
4:47 of 3rd period - Shot Misses the Net.
4:49 of 3rd period - Wrist shot by Rostislav Olesz.
4:49 of 3rd period - Stopped by Chad Johnson without a rebound.
4:50 of 3rd period - Pavel Datsyuk wins face-off versus Mikael Granlund in Predators zone.
4:53 of 3rd period - Snap shot by Pavel Datsyuk.
4:53 of 3rd period - Shot Misses the Net.
4:55 of 3rd period - Slapshot by Dennis Wideman.
4:55 of 3rd period - Shot Misses the Net.
4:57 of 3rd period - Slapshot by Dennis Wideman.
4:57 of 3rd period - Stopped by Chad Johnson without a rebound.
4:58 of 3rd period - Mikael Granlund wins face-off versus Pavel Datsyuk in Predators zone.
5:03 of 3rd period - Mike Lundin is hit by Ryan Mcdonagh and loses puck.
5:07 of 3rd period - Icing by Dennis Wideman.
5:08 of 3rd period - Mikael Granlund wins face-off versus Pavel Datsyuk in Blue Jackets zone.
5:09 of 3rd period - Slapshot by Alexander Ovechkin.
5:09 of 3rd period - Shot Blocked by Mike Lundin.
5:57 of 3rd period - Slapshot by Alexander Edler.
5:57 of 3rd period - Stopped by Rick DiPietro with a rebound.
5:59 of 3rd period - Snap shot by Andy Miele.
5:59 of 3rd period - Stopped by Rick DiPietro with a rebound.
7:03 of 3rd period - Snap shot by Peter Mueller.
7:03 of 3rd period - Stopped by Chad Johnson with a rebound.
7:05 of 3rd period - Wrist shot by Rostislav Olesz.
7:05 of 3rd period - Stopped by Chad Johnson with a rebound.
7:07 of 3rd period - Snap shot by Peter Mueller.
7:07 of 3rd period - Shot Misses the Net.
7:09 of 3rd period - Wrist shot by Rostislav Olesz.
7:09 of 3rd period - Deflect By Chris Thorburn.
7:09 of 3rd period - Stopped by Chad Johnson with a rebound.
8:01 of 3rd period - Branislav Mezei is hit by John Moore.
8:25 of 3rd period - Minor Penalty to Marcus Nilson for Tripping.
8:26 of 3rd period - Ryan Kesler wins face-off versus David Booth in Blue Jackets zone.
9:04 of 3rd period - Icing by Mikael Granlund.
9:05 of 3rd period - David Booth wins face-off versus Mikael Granlund in Predators zone.
9:20 of 3rd period - Snap shot by Ryan Mcdonagh.
9:20 of 3rd period - Shot Blocked by Martin Havlat.
9:22 of 3rd period - Snap shot by Ryan Mcdonagh.
9:22 of 3rd period - Deflect By Brendan Gallagher.
9:22 of 3rd period - Stopped by Rick DiPietro without a rebound.
9:23 of 3rd period - Martin Havlat wins face-off versus Ryan Kesler in Blue Jackets zone.
9:37 of 3rd period - Off-side.
9:38 of 3rd period - Ryan Kesler wins face-off versus David Booth in neutral zone.
10:05 of 3rd period - Mike Lundin is hit by Mikael Granlund.
10:25 of 3rd period - Penalty to Marcus Nilson is over, Marcus Nilson is back on ice.
10:45 of 3rd period - Slapshot by Andreas Nodl.
10:45 of 3rd period - Deflect By Peter Mueller.
10:45 of 3rd period - Goal by Peter Mueller - Predators : 2 - Blue Jackets : 3.
10:46 of 3rd period - Pavel Datsyuk wins face-off versus Mikael Granlund in neutral zone.
10:53 of 3rd period - Backhand shot by Martin Havlat.
10:53 of 3rd period - Deflect By David Booth.
10:53 of 3rd period - Stopped by Chad Johnson with a rebound.
11:17 of 3rd period - Wrist shot by Mike Brown.
11:17 of 3rd period - Deflect By Mike Comrie.
11:17 of 3rd period - Shot Misses the Net.
11:17 of 3rd period - Puck is out of play.
11:18 of 3rd period - Ryan Kesler wins face-off versus Mike Comrie in Predators zone.
11:20 of 3rd period - Minor Penalty to Ryan Kesler for Tripping.
11:21 of 3rd period - David Booth wins face-off versus Andy Miele in Predators zone.
11:23 of 3rd period - Wrist shot by Martin Havlat.
11:23 of 3rd period - Stopped by Chad Johnson without a rebound.
11:24 of 3rd period - Pavel Datsyuk wins face-off versus Andy Miele in Predators zone.
11:30 of 3rd period - Slapshot by Pavel Datsyuk.
11:30 of 3rd period - Stopped by Chad Johnson without a rebound.
11:31 of 3rd period - Pavel Datsyuk wins face-off versus Andy Miele in Predators zone.
11:36 of 3rd period - Minor Penalty to Mike Lundin for Hooking.
11:37 of 3rd period - Mikael Granlund wins face-off versus David Booth in Blue Jackets zone.
11:54 of 3rd period - Wrist shot by David Booth.
11:54 of 3rd period - Stopped by Chad Johnson with a rebound.
12:23 of 3rd period - Icing by Alexander Ovechkin.
12:24 of 3rd period - Justin Abdelkader wins face-off versus Martin Havlat in Predators zone.
12:37 of 3rd period - Slapshot by Justin Abdelkader.
12:37 of 3rd period - Deflect By Dennis Wideman.
12:37 of 3rd period - Shot Blocked by A.J Thelen.
12:37 of 3rd period - Puck is out of play.
12:38 of 3rd period - David Booth wins face-off versus Mikael Granlund in Blue Jackets zone.
13:10 of 3rd period - Slapshot by Alexander Edler.
13:10 of 3rd period - Deflect By Niclas Bergfors.
13:10 of 3rd period - Shot Blocked by Mike Brown.
13:10 of 3rd period - Puck is out of play.
13:11 of 3rd period - Martin Havlat wins face-off versus Justin Abdelkader in Blue Jackets zone.
13:20 of 3rd period - Penalty to Ryan Kesler is over, Ryan Kesler is back on ice.
13:36 of 3rd period - Penalty to Mike Lundin is over, Mike Lundin is back on ice.
14:47 of 3rd period - Snap shot by Pavel Datsyuk.
14:47 of 3rd period - Stopped by Chad Johnson with a rebound.
15:03 of 3rd period - Slapshot by Mike Lundin.
15:03 of 3rd period - Stopped by Chad Johnson without a rebound.
15:04 of 3rd period - Andy Miele wins face-off versus Peter Mueller in Predators zone.
17:01 of 3rd period - Michal Rozsival is hit by Kevin Porter and loses puck.
17:25 of 3rd period - Icing by Michal Rozsival.
17:26 of 3rd period - Patrick O'Sullivan wins face-off versus Brendan Gallagher in Predators zone.
17:53 of 3rd period - Alexander Steen is hit by Branislav Mezei and loses puck.
18:20 of 3rd period - Mike Lundin is hit by Adam Burish.
19:00 of 3rd period - Wrist shot by Pavel Datsyuk.
19:00 of 3rd period - Deflect By Martin Havlat.
19:00 of 3rd period - Stopped by Chad Johnson with a rebound.
19:08 of 3rd period - Predators, Chad Johnson is pulled from the net.
19:20 of 3rd period - Wrist shot by Niclas Bergfors.
19:20 of 3rd period - Shot Misses the Net.
19:22 of 3rd period - Snap shot by Alexander Edler.
19:22 of 3rd period - Shot Misses the Net.
19:24 of 3rd period - Snap shot by Ryan Mcdonagh.
19:24 of 3rd period - Shot Misses the Net.
19:26 of 3rd period - Snap shot by Niclas Bergfors.
19:26 of 3rd period - Stopped by Rick DiPietro without a rebound.
19:27 of 3rd period - Randy Carlyle call a timeout for Predators.
19:27 of 3rd period - Pavel Datsyuk wins face-off versus Justin Abdelkader in Blue Jackets zone.
19:36 of 3rd period - Snap shot by David Booth.
19:36 of 3rd period - Shot Misses the Net.
19:38 of 3rd period - Snap shot by Mike Lundin.
19:38 of 3rd period - Goal by Mike Lundin - Predators : 2 - Blue Jackets : 4.
19:38 of 3rd period - Chad Johnson from Predators was sent back in the game.
19:39 of 3rd period - Andy Miele wins face-off versus Peter Mueller in neutral zone.
19:42 of 3rd period - Branislav Mezei is hit by Adam Burish and loses puck.
19:47 of 3rd period - Snap shot by James Van Riemsdyk.
19:47 of 3rd period - Shot Misses the Net.
19:49 of 3rd period - Snap shot by James Van Riemsdyk.
19:49 of 3rd period - Stopped by Rick DiPietro without a rebound.
19:50 of 3rd period - Andy Miele wins face-off versus Kevin Porter in Blue Jackets zone.
Goals for this period are 0 for Predators vs 2 for Blue Jackets.
Shots for this period are 6 for Predators vs 18 for Blue Jackets.
Back to the Top